 Dungeon Crawl Stone Soup version 0.31-a0-18-gea43df2a32 (webtiles) character file.

Game seed: 5693544379658238382

86218 dracfodder the Earth Mage (level 15, -4/80 HPs)
             Began as a Gargoyle Earth Elementalist on May 10, 2023.
             Was a Follower of Vehumet.
             Slain by a centaur warrior (11 damage)
             ... on level 13 of the Dungeon on May 12, 2023.
             The game lasted 03:30:37 (32136 turns).

dracfodder the Earth Mage (GrEE)                   Turns: 32136, Time: 03:30:38

Health: -4/80      AC: 21    Str: 14    XL:     15   Next: 86%
Magic:  6/44       EV: 12    Int: 21    God:    Vehumet [*.....]
Gold:   403        SH:  0    Dex: 10    Spells: 26/46 levels left

rFire   + . .        G - +9 dagger "Carenwen" {venom, Contam rC+ rN++ SInv}
rCold   + . .        (no shield)
rNeg    + + +        N - +1 leather armour of Undesirable Species {rElec rN+ MP+9 Stlth+}
rPois   ∞            (no helmet)
rElec   +            T - +1 cloak {rCorr}
rCorr   +            e - +2 pair of gloves
SInv    +            (no boots)
Will    +....        (no amulet)
Stlth   +++          z - ring of protection from fire
HPRegen 0.33/turn    K - ring of positive energy
MPRegen 0.29/turn

%: no passive effects
@: about to teleport, flying
A: sickness immunity, AC +11, big wings, negative energy resistance 1,
electricity resistance, torment resistance 1, petrification resistance, mutation
resistance 1
a: Renounce Religion


You were on level 13 of the Dungeon.
You worshipped Vehumet.
Vehumet was aware of your devotion.
You visited 6 branches of the dungeon, and saw 22 of its levels.
You also visited: Sewer.

You collected 1878 gold pieces.
You spent 1475 gold pieces at shops.

Inventory:

Hand Weapons
 k - a +7 falchion of holy wrath
 A - the +4 rapier "Killer Bee's Bane" {heavy, Will+ Int+3 Stlth+}
   (You found it on level 7 of the Dungeon)

   Int:       It affects your intelligence (+3).
   Will:      It increases your willpower.
   Stlth:     It makes you more stealthy.
 B - the +5 flail of Internal Strife {speed, rElec}
   (You found it on level 7 of the Dungeon)

   rElec:     It insulates you from electricity.
 G - the +9 dagger "Carenwen" (weapon) {venom, Contam rC+ rN++ SInv}
   (You found it on level 8 of the Dungeon)

   rC:        It protects you from cold.
   rN:        It greatly protects you from negative energy.
   SInv:      It lets you see invisible.
   Contam:    It causes magical contamination when unequipped.
Missiles
 i - 3 throwing nets
 l - 2 javelins
Armour
 e - a +2 pair of gloves (worn)
 I - a +2 robe of willpower
 N - the +1 leather armour of Undesirable Species (worn) {rElec rN+ MP+9 Stlth+}
   (You found it on level 4 of the Lair of Beasts)

   rElec:     It insulates you from electricity.
   rN:        It protects you from negative energy.
   MP:        It affects your magic capacity (+9).
   Stlth:     It makes you more stealthy.
 T - a +1 cloak of preservation (worn)
Magical Staves
 f - a staff of air
Jewellery
 p - a ring of ice
 w - a ring of willpower
 x - a ring of ice
 y - an amulet of faith
 z - a ring of protection from fire (left hand)
 K - a ring of positive energy (right hand)
 L - a ring of positive energy
 P - a ring of wizardry
 Q - a ring of protection from cold
Wands
 q - a wand of polymorph (15)
 C - a wand of flame (46)
 D - a wand of charming (13)
 H - a wand of quicksilver (10)
 M - a wand of mindburst (10)
 O - a wand of roots (6)
Scrolls
 a - 4 scrolls of fear
 b - 3 scrolls of amnesia
 h - 2 scrolls of blinking
 r - 10 scrolls of teleportation
 s - 5 scrolls of identify
 t - 2 scrolls of fog
 u - a scroll of summoning
 E - 3 scrolls of poison
 F - 3 scrolls of magic mapping
Potions
 c - 4 potions of haste
 d - 2 potions of brilliance
 g - a potion of ambrosia
 m - 2 potions of berserk rage
 n - 11 potions of curing
 o - 3 potions of resistance
 v - 2 potions of might
 J - 2 potions of lignification
 R - a potion of mutation
 S - 2 potions of magic
 U - a potion of cancellation


   Skills:
 + Level 4.6 Fighting
 + Level 3.2 Short Blades
 + Level 3.1 Polearms
 + Level 0.4 Throwing
 + Level 4.3 Armour
 + Level 4.9 Dodging
 + Level 4.9 Stealth
 + Level 16.0 Spellcasting
 + Level 11.9 Conjurations
 + Level 0.7 Transmutations
 + Level 7.2 Air Magic
 + Level 16.2 Earth Magic
 + Level 2.3 Evocations


You had 26 spell levels left.
You knew the following spells:

 Your Spells              Type           Power      Damage    Failure   Level
a - Sandblast             Erth           100%       2d20      0%          1
b - Shock                 Conj/Air       100%       1d9       1%          1
c - Stone Arrow           Conj/Erth      100%       3d13      1%          3
d - Airstrike             Air            23%        2d(4-20)  2%          4
e - Iron Shot             Conj/Erth      33%        9d7       1%          6
f - Arcjolt               Conj/Air       27%        1d37      2%          5

Your spell library contained the following spells:

 Spells                   Type           Power      Damage    Failure   Level
 Magic Dart               Conj           100%       1d8       1%          1
 Passwall                 Tmut/Erth      42%        N/A       1%          2
 Swiftness                Air            47%        N/A       1%          3
 Leda's Liquefaction      Hex/Erth       25%        N/A       1%          4
 Petrify                  Tmut/Erth      51%        N/A       1%          4
 Vhi's Electric Charge    Tloc/Air       64%        N/A       3%          3
 Freeze                   Ice            64%        1d7       4%          1
 Irradiate                Conj/Tmut      21%        3d18      9%          5
 Call Canine Familiar     Summ           16%        N/A       13%         3
 Gell's Gravitas          Tloc           16%        N/A       13%         3
 Portal Projectile        Hex/Tloc       32%        N/A       13%         3
 Teleport Other           Tloc           16%        N/A       13%         3
 Ice Form                 Ice/Tmut       18%        N/A       36%         4
 Anguish                  Hex/Necr       8%         N/A       38%         4
 Olgreb's Toxic Radiance  Pois           16%        N/A       38%         4
 Lehudib's Crystal Spear  Conj/Erth      33%        10d8      65%         8
 Metabolic Englaciation   Hex/Ice        8%         N/A       75%         5
 Summon Forest            Summ/Tloc      8%         N/A       75%         5
 Summon Mana Viper        Hex/Summ       16%        N/A       75%         5
 Dispersal                Tloc           8%         N/A       100%        6
 Simulacrum               Ice/Necr       8%         N/A       100%        6
 Summon Cactus Giant      Summ           8%         N/A       100%        6
 Enfeeble                 Hex            8%         N/A       100%        7
 Ozocubu's Refrigeration  Ice            8%         4d9       100%        7
 Borgnjor's Revivificati  Necr           8%         N/A       100%        8
 Discord                  Hex            8%         N/A       100%        8
 Ignition                 Fire           8%         3d5       100%        8
 Maxwell's Capacitive Co  Air            23%        ∞         100%        8
 Necromutation            Tmut/Necr      9%         N/A       100%        8
 Death's Door             Necr           8%         N/A       100%        9
 Polar Vortex             Ice            8%         N/A       100%        9
 Sublimation of Blood     Necr           Unusable   N/A       N/A         2
 Statue Form              Tmut/Erth      Unusable   N/A       N/A         6

Dungeon Overview and Level Annotations

Branches:
Dungeon (13/15)            Temple (1/1) D:6            Lair (5/5) D:9
  Swamp (1/4) Lair:3        Snake (1/4) Lair:2        Slime (0/5) Lair:5
    Orc (1/2) D:10          Sewer (visited)
 Vaults: D:13-14

Altars:
Ashenzari
Cheibriados
Dithmenos
Elyvilon
Fedhas
Gozag
Hepliaklqana
Kikubaaqudgha
Makhleb
Nemelex Xobeh
Okawaru
Qazlal
Ru
Sif Muna
Trog
Uskayaw
Vehumet
Wu Jian
Xom
Yredelemnul
Zin
The Shining One
Jiyva

Shops:
D:4 (   D:6 ?   D:11 :


Innate Abilities, Weirdness & Mutations

You are immune to sickness and miasma.
Your stone body is resilient. (AC +11)
You are immune to poison.
Your large and strong wings let you fly.
You resist negative energy. (rN+)
You are resistant to electric shocks. (rElec)
You are resistant to unholy torment.
You are immune to petrification.
You are somewhat resistant to further mutation.


Message History

The arrow hits you but does no damage.
Casting: Sandblast (safe; 0% risk of failure)
Confirm with . or Enter, or press ? or * to list all spells.
Aiming: Sandblast (safe; 0% risk of failure)
Press: ? - help, Shift-Dir - straight line, f/p - centaur warrior
Aim: a centaur warrior, wielding a +0 shortbow (heavily wounded, 89% to hit)
The blast of sand hits the centaur warrior.
The centaur warrior is heavily wounded.
The centaur warrior shoots an arrow.
The arrow hits you!
* * * LOW HITPOINT WARNING * * *
The centaur warrior unwields a +0 shortbow.
The centaur warrior hits you.
* * * LOW HITPOINT WARNING * * *
The centaur warrior kicks you but does no damage.
Casting: Sandblast (safe; 0% risk of failure)
Confirm with . or Enter, or press ? or * to list all spells.
Aiming: Sandblast (safe; 0% risk of failure)
Press: ? - help, Shift-Dir - straight line, f/p - centaur warrior
Aim: a centaur warrior (moderately wounded, 89% to hit)
The blast of sand hits the centaur warrior!
The centaur warrior is heavily wounded.
The centaur warrior completely misses you.
The centaur warrior kicks you but does no damage.
The centaur warrior hits you but does no damage.
The centaur warrior kicks you but does no damage.
Casting: Sandblast (safe; 0% risk of failure)
Confirm with . or Enter, or press ? or * to list all spells.
Aiming: Sandblast (safe; 0% risk of failure)
Press: ? - help, Shift-Dir - straight line, f/p - centaur warrior
Aim: a centaur warrior (heavily wounded, 89% to hit)
The blast of sand hits the centaur warrior.
The centaur warrior is heavily wounded.
The centaur warrior hits you but does no damage.
The centaur warrior kicks you but does no damage.
A radroach comes into view.
The centaur warrior hits you but does no damage.
The centaur warrior kicks you but does no damage.
As you read the scroll of teleportation, it crumbles to dust.
You feel strangely unstable. The centaur warrior hits you!
You die...

#...## ##.##♣....[..♣# ##..#
#.#.##..P.P..## ##.##
##(#.##♣..♣..♣#. #..#
#.###.##..P..##. #.## ##.#
#.##♣...♣#.. ..# #)##
##.##...##.. [## ##.# #.##♣.♣#...
.# #.## ##.##.##... .# #@# #.#
#..<. .# #Bc## ### #....
.############################....
.................................
###....#........#....#.......#.).
####.##.......#.<....###.......
####.....#.............##...
#......##......##...###...
##..............#.........


You could see a radroach and a centaur warrior.

Vanquished Creatures
  3 hydras
  2 ogre magi
  4 catoblepae
  3 centaur warriors
  2 death knights
  2 two-headed ogres
  2 boulder beetles
  3 naga warriors (Snake:1)
  3 anacondas (Snake:1)
  8 death yaks
  6 naga sharpshooters (Snake:1)
  2 shock serpents (Snake:1)
  Sonja (Lair:2)
  2 skysharks (Lair:5)
  A bog body (Lair:3)
  A naga ritualist (Snake:1)
  2 deep elf pyromancers (D:13)
  A harpy (D:13)
  2 orc knights (D:11)
  2 ugly things
  5 salamanders
  4 mana vipers (Snake:1)
  2 cyclopes (D:13)
  4 manticores
  17 elephants
  3 naga magi (Snake:1)
  Maurice (D:11)
  11 black mambas
  A guardian serpent (Snake:1)
  2 gargoyles
  2 molten gargoyles (Lair:4)
  2 torpor snails
  8 cane toads
  5 rime drakes
  2 unseen horrors
  A yaktaur (D:12)
  10 komodo dragons
  A freezing wraith (D:13)
  4 trolls
  2 tyrant leeches (Swamp:1)
  2 polar bears
  Prince Ribbit (D:8)
  17 blink frogs
  12 dream sheep
  Sigmund (D:6)
  A jumping spider (shapeshifter) (D:13)
  8 spriggans (Lair:1)
  3 shadows
  5 wraiths
  67 yaks
  7 wyverns
  A steam dragon (D:9)
  3 basilisks
  9 vampire mosquitoes
  11 nagas (Snake:1)
  10 water moccasins
  2 acid dragons (D:11)
  2 black bears
  5 orc warriors
  6 ice beasts
  2 ogres
  24 wolves
  6 centaurs
  A phantom (D:4)
  8 kobold brigands
  7 bullfrogs
  3 scorpions
  A gnoll sergeant (D:7)
  4 wights (D:6)
  6 killer bees
  5 howler monkeys
  2 electric eels
  7 lava snakes
  Crazy Yiuf (D:6)
  3 gnoll boudas (D:7)
  A jelly (D:5)
  5 orc priests
  2 hounds
  An iguana (D:4)
  Jessica (D:3)
  15 orc wizards
  A hell rat (Lair:1)
  9 adders
  15 gnolls
  3 river rats (Sewer)
  A white imp (D:6)
  7 worms
  5 dart slugs
  38 orcs
  3 bats
  10 endoplasms
  5 giant cockroaches
  13 hobgoblins
  6 jackals
  14 kobolds
  A quokka (D:5)
  11 ball pythons
  3 frilled lizards
  4 goblins
  7 rats
  2 butterflies (Lair:2)
575 creatures vanquished.

Vanquished Creatures (collateral kills)
  2 jellies (D:5)
  An orc priest (D:9)
3 creatures vanquished.

Vanquished Creatures (others)
  A yak (Lair:1)
  A fire vortex (Lair:5)
2 creatures vanquished.

Grand Total: 580 creatures vanquished

Notes
Turn   | Place    | Note
-------+----------+-------------------------------------------
     0 | D:1      | dracfodder the Gargoyle Earth Elementalist began the quest
                  | for the Orb.
     0 | D:1      | Reached XP level 1. HP: 10/10 MP: 3/3
    83 | D:1      | Reached XP level 2. HP: 8/15 MP: 3/5
   691 | D:1      | Reached XP level 3. HP: 19/19 MP: 3/6
  1299 | D:2      | Reached XP level 4. HP: 24/24 MP: 6/8
  1533 | D:2      | Reached skill level 5 in Earth Magic
  1731 | D:2      | Learned a level 1 spell: Shock
  1735 | D:2      | Learned a level 3 spell: Stone Arrow
  2334 | D:3      | Found an opulent altar of Gozag.
  2345 | D:3      | Noticed Jessica
  2351 | D:3      | Killed Jessica
  2352 | D:3      | Reached XP level 5. HP: 27/28 MP: 3/10
  2603 | D:3      | Found a glowing silver altar of Zin.
  2694 | D:3      | Found a basalt altar of Yredelemnul.
  3476 | D:4      | Reached XP level 6. HP: 32/32 MP: 7/12
  3530 | D:4      | Found Omeuvar's Antique Weapon Shoppe.
  3665 | D:4      | Reached skill level 1 in Conjurations
  4533 | D:5      | Entered Level 5 of the Dungeon
  4589 | D:5      | Noticed a black bear
  4593 | D:5      | Killed a black bear
  4594 | D:5      | Reached skill level 5 in Spellcasting
  4594 | D:5      | Reached XP level 7. HP: 30/37 MP: 10/14
  4737 | D:5      | Found a radiant altar of Vehumet.
  4815 | D:5      | Reached skill level 1 in Fighting
  5178 | D:6      | Found a glowing drain.
  5189 | Sewer    | Entered a sewer
  5295 | Sewer    | Reached XP level 8. HP: 43/43 MP: 4/16
  5592 | Sewer    | Reached skill level 1 in Air Magic
  6345 | D:6      | Found a staircase to the Ecumenical Temple.
  6346 | D:6      | Noticed Sigmund
  6350 | D:6      | Killed Sigmund
  6356 | Temple   | Entered the Ecumenical Temple
  6531 | D:6      | Reached XP level 9. HP: 48/48 MP: 4/20
  6646 | D:6      | Found Riorruah's Magic Scroll Shop.
  6653 | D:6      | Bought a scroll of fog for 44 gold pieces
  6653 | D:6      | Bought a scroll of noise for 11 gold pieces
  6653 | D:6      | Bought a scroll of brand weapon for 104 gold pieces
  7264 | D:6      | Found a runed translucent door.
  7265 | D:6      | Noticed Crazy Yiuf
  7271 | D:6      | Killed Crazy Yiuf
  7724 | D:7      | Found an ornate altar of the Wu Jian Council.
  7829 | D:7      | Identified the +4 rapier "Killer Bee's Bane" {heavy, Will+
                  | Int+3 Stlth+}
  7991 | D:7      | Identified the +5 flail of Internal Strife {speed, rElec}
  8209 | D:7      | Reached skill level 1 in Polearms
  9320 | D:8      | Noticed Prince Ribbit
  9322 | D:8      | Killed Prince Ribbit
  9406 | D:8      | Found a blossoming altar of Fedhas.
  9442 | D:8      | Reached XP level 10. HP: 53/53 MP: 16/23
  9484 | D:8      | Noticed a two-headed ogre
  9490 | D:8      | Killed a two-headed ogre
  9491 | D:8      | Reached skill level 5 in Conjurations
  9650 | D:8      | Identified the +9 dagger "Carenwen" {venom, Contam rC+ rN++
                  | SInv}
 10275 | D:8      | Gained mutation: You are partially covered in iridescent
                  | scales. (AC +2) [potion of mutation]
 10397 | D:8      | Reached skill level 1 in Short Blades
 10679 | D:9      | Found a broken altar of Ashenzari.
 10871 | D:9      | Found a staircase to the Lair.
 11613 | D:9      | Reached XP level 11. HP: 57/57 MP: 16/24
 11655 | D:9      | Reached skill level 10 in Spellcasting
 11930 | D:10     | Entered Level 10 of the Dungeon
 12398 | D:10     | Reached skill level 10 in Earth Magic
 12575 | D:10     | Found a staircase to the Orcish Mines.
 13089 | Orc:1    | Entered Level 1 of the Orcish Mines
 13207 | D:11     | Noticed a six-headed hydra
 13207 | D:11     | Noticed an ogre mage
 13207 | D:11     | Noticed a centaur warrior
 13207 | D:11     | Noticed a death knight
 13207 | D:11     | Noticed an orc knight
 13207 | D:11     | Noticed an orc knight
 13207 | D:11     | Noticed a manticore
 13242 | Lair:1   | Entered Level 1 of the Lair of Beasts
 13965 | Lair:1   | Reached skill level 1 in Evocations
 14701 | Lair:1   | Reached XP level 12. HP: 64/64 MP: 12/27
 15046 | Lair:2   | Found a shimmering altar of Xom.
 15596 | Lair:2   | Learned a level 4 spell: Airstrike
 15667 | Lair:2   | Noticed Sonja
 15672 | Lair:2   | Killed Sonja
 16374 | Lair:2   | Noticed a six-headed hydra
 16385 | Lair:2   | Killed a six-headed hydra
 16508 | Lair:2   | Found a staircase to the Snake Pit.
 16869 | Lair:2   | Reached skill level 5 in Air Magic
 16869 | Lair:2   | Reached XP level 13. HP: 69/69 MP: 22/29
 17049 | Lair:3   | Found a staircase to the Swamp.
 19457 | Lair:4   | Reached skill level 10 in Conjurations
 19871 | Lair:4   | Identified the +1 leather armour of Undesirable Species
                  | {rElec rN+ MP+9 Stlth+}
 20384 | Lair:4   | Found a hide-covered altar of Uskayaw.
 20673 | Lair:5   | Entered Level 5 of the Lair of Beasts
 21039 | Lair:4   | Gained mutation: Your large and strong wings let you fly.
                  | [Gargoyle growth]
 21039 | Lair:4   | Reached XP level 14. HP: 62/76 MP: 31/31
 21311 | Lair:5   | Reached skill level 1 in Armour
 21674 | Lair:5   | Found a viscous altar of Jiyva.
 21676 | Lair:5   | Found a staircase to the Slime Pits.
 21786 | Lair:5   | Lost mutation: You are partially covered in iridescent
                  | scales. (AC +2) [potion of mutation]
 21786 | Lair:5   | Gained mutation: You are somewhat resistant to further
                  | mutation. [potion of mutation]
 23975 | Swamp:1  | Entered Level 1 of the Swamp
 23985 | Swamp:1  | Identified the +6 long sword "Neoset" {vamp, Str+3}
 24177 | Snake:1  | Entered Level 1 of the Snake Pit
 25109 | Snake:1  | Reached skill level 15 in Earth Magic
 25896 | Snake:1  | Reached skill level 15 in Spellcasting
 26061 | Snake:1  | Reached XP level 15. HP: 61/80 MP: 34/34
 27795 | D:11     | You are sucked into a shaft and drop 2 floors!
 28338 | D:11     | Identified the +3 battleaxe of Subjectivity {freeze, rElec
                  | rC+ Will++ Int-3}
 28789 | D:11     | Identified the +8 shortbow "Nypsuce" {drain, rC+ rN+ rCorr}
 29189 | D:11     | Noticed Maurice
 29199 | D:11     | Killed Maurice
 29378 | D:5      | Became a worshipper of Vehumet
 29772 | D:11     | Found Duwoh's Tremendous Tomes.
 29781 | D:11     | Bought the Atlas of Hiemal Geomancy for 1316 gold pieces
 29788 | D:11     | Learned a level 6 spell: Iron Shot
 29794 | D:11     | Learned a level 5 spell: Arcjolt
 30615 | D:12     | Reached * piety under Vehumet
 30615 | D:12     | Offered knowledge of Magic Dart by Vehumet.
 30824 | D:12     | Identified the +7 whip of Xaheati {flame, *Corrode Str+5}
 32131 | D:13     | HP: 1/80 [centaur warrior/arrow (14)]
 32136 | D:13     | Slain by a centaur warrior

Illustrated notes

Levels and vault maps discovered:
D:1:      kennysheep_arrival_forest, layout_loops_ring, serial_bayou_crossing
D:2:      layout_basic
D:3:      layout_loops_corners, pdpol_temple_overflow_zin_treasury_gozag_greed,
          nicolae_overflow_hidden_temple, uniq_jessica
D:4:      layout_gridville, serial_shops, shop
D:5:      layout_rooms, general_overflow_altar, kennysheep_generic_room_15
D:6:      layout_loops_ring, temple_green, portal_sewer_entry_d, serial_shops,
          shop, uniq_sigmund, uniq_crazy_yiuf_cottage
D:7:      kennysheep_housing_project, layout_rooms,
          nicolae_overflow_crystal_walls
D:8:      layout_cave_pods, kennysheep_little_box, uniq_prince_ribbit1
D:9:      layout_gridville, evilmike_ruin_ashenzari, hellmonk_lair_entry_icy
D:10:     layout_irregular_city, orc_0_dummy, serial_rivers,
          chequers_serial_rivers_large_a, chequers_serial_rivers_micro_d,
          chequers_serial_rivers_marsh, chequers_serial_rivers_micro_a,
          chequers_serial_rivers_room_b, chequers_serial_rivers_micro_b,
          hangedman_decor_push
D:11:     minmay_ambush_box, layout_loops_ring, minmay_strange_pillars,
          nicolae_shop_i_like_big_books, kennysheep_generic_room_2, uniq_maurice
D:12:     minmay_connected_triangles_in_corner, layout_stronghold
D:13:     minmay_the_grid_triangle_9x9_rhombus_full
          [minmay_the_grid_triangle_9x9_shrine,
          minmay_the_grid_triangle_9x9_thin_v,
          minmay_the_grid_triangle_9x9_flanged_cone,
          minmay_the_grid_triangle_9x9_intruding_spiral,
          minmay_the_grid_triangle_9x9_checkered,
          minmay_the_grid_triangle_9x9_corrupted_corridor,
          minmay_the_grid_triangle_9x9_steps,
          minmay_the_grid_triangle_9x9_prize_schism], layout_cave_pools,
          hangedman_glass_teeth
Temple:   minmay_freezing_vapour_temple
Lair:1:   kb_forest_paths, layout_long_grid, serial_rivers,
          chequers_serial_rivers_room_a, chequers_serial_rivers_large_b,
          chequers_serial_rivers_marsh, chequers_serial_rivers_small_3,
          chequers_serial_rivers_micro_c
Lair:2:   layout_loops_ring, nicolae_snake_entry_warm_welcome, basic_altar,
          lemuel_fruit_fields, infiniplex_staircase_pool_2, lemuel_fruit_fields,
          uniq_sonja
Lair:3:   layout_chaotic_city, skrybe_swamp_entry_bodies
Lair:4:   cheibrodos_magma_flow, layout_cellular_growth, basic_altar
Lair:5:   evilmike_catoblepas_cave, layout_gridlike,
          minmay_slime_entry_oklob_enclosed, grunt_megastairs_5
Swamp:1:  layout_basic_swamp, hangedman_swamp_lotus,
          nicolae_swamp_alligator_family
Snake:1:  layout_layer_cave, grunt_megastairs_2
Orc:1:    lemuel_ogre_cave, layout_caves

Skill      XL: |  1  2  3  4  5  6  7  8  9 10 11 12 13 14 15 |
---------------+----------------------------------------------+-----
Earth Magic    | 4 5 6 7 8 9 11 12 14 15 16 | 16.2
Spellcasting   | 3 4 5 7 9 11 12 13 15 16 | 16.0
Conjurations   | 1 2 4 6 8 9 10 11 | 11.9
Fighting       | 1 2 3 4 |  4.6
Stealth        | 3 4 |  4.9
Air Magic      | 1 2 3 4 5 6 7 |  7.2
Dodging        | 2 3 4 |  4.9
Polearms       | 1 2 3 |  3.1
Short Blades   | 1 2 3 |  3.2
Evocations     | 1 2 |  2.3
Armour         | 3 4 |  4.3
Throwing       | |  0.4
Transmutations | |  0.7

Action                     |  1- 3 |  4- 6 |  7- 9 | 10-12 | 13-15 || total
---------------------------+-------+-------+-------+-------+-------++-------
  Melee: Dagger            |    39 |       |       |    32 |   109 ||   180
         Halberd           |       |     6 |    27 |    24 |       ||    57
         Rapier            |       |       |    12 |     4 |       ||    16
         Punch             |       |       |     1 |     1 |     1 ||     3
  Throw: Javelin           |     5 |     6 |       |       |       ||    11
         Boomerang         |       |     9 |       |       |       ||     9
   Cast: Sandblast         |    45 |    77 |    77 |    78 |   255 ||   532
         Shock             |       |    30 |   147 |   114 |   204 ||   495
         Stone Arrow       |       |     2 |    55 |   180 |   370 ||   607
         Airstrike         |       |       |       |     8 |    70 ||    78
         Iron Shot         |       |       |       |       |    27 ||    27
         Arcjolt           |       |       |       |       |     3 ||     3
  Evoke: Wand              |       |       |       |    15 |     9 ||    24
    Use: Scroll            |       |     9 |    10 |     9 |     6 ||    34
         Potion            |       |       |       |     8 |     7 ||    15
   Stab: Sleeping          |       |       |       |     1 |       ||     1
 Armour: Robe              |    16 |    11 |    25 |   136 |    84 ||   272
         Leather armour    |       |       |       |       |   174 ||   174
  Dodge: Dodged            |    42 |    20 |    55 |   138 |   297 ||   552

Table legend: (Time is in decaauts)
 A = Elapsed time spent in this place.
 B = Non-inter-level travel time spent in this place.
 C = Inter-level travel time spent in this place.
 D = Time resting spent in this place.
 E = Time spent auto-exploring this place.
 F = Levels seen in this place.
 G = Mean time per level.
                   A        B        C        D        E       F      G
               +--------+--------+--------+--------+--------+-----+--------+
         Total |  32660 |  31537 |   1123 |  11544 |  14625 |  23 | 1420.0 |
       Dungeon |  17062 |  16369 |    693 |   4626 |   9519 |  13 | 1312.5 |
        Temple |     36 |     32 |      4 |      0 |     31 |   1 |   36.0 |
          Lair |  11322 |  10995 |    327 |   4992 |   3743 |   5 | 2264.4 |
         Swamp |     96 |     96 |      0 |     52 |      0 |   1 |   96.0 |
     Snake Pit |   2926 |   2837 |     89 |   1594 |    696 |   1 | 2926.0 |
  Orcish Mines |     75 |     67 |      8 |      0 |     64 |   1 |   75.0 |
         Sewer |   1139 |   1139 |      0 |    280 |    571 |   1 | 1139.0 |
               +--------+--------+--------+--------+--------+-----+--------+

Top non-repeatable levels by time:
  Lair:5: 3126 daAuts
 Snake:1: 2926 daAuts
  Lair:1: 2236 daAuts
  Lair:2: 2052 daAuts
  Lair:4: 1994 daAuts
  Lair:3: 1913 daAuts
     D:7: 1906 daAuts
    D:11: 1594 daAuts
    D:12: 1593 daAuts
     D:9: 1488 daAuts
     D:3: 1366 daAuts
    D:13: 1356 daAuts
     D:6: 1330 daAuts
    D:10: 1283 daAuts
     D:8: 1261 daAuts
